 Dungeon Crawl Stone Soup version 0.16-a0-3554-g1f1ee3f (webtiles) character file.

28 Stone the Skirmisher (level 3, -5/28 HPs)
             Began as a Mummy Wanderer on Jan 10, 2015.
             Slain by Sigmund
             ... wielding a +0 scythe of venom
              (7 damage)
             ... on level 2 of the Dungeon.
             The game lasted 00:06:25 (1303 turns).

Stone the Skirmisher (Mummy Wanderer)               Turns: 1303, Time: 00:06:25

Health: -5/28      AC:  5    Str: 17    XL:     3   Next: 0%
Magic:  10/12      EV: 10    Int: 12    God:
Gold:   68         SH:  0    Dex:  9    Spells: 1 memorised, 1 level left

rFire  . . .     SeeInvis .     f - +0 hand axe (vamp)
rCold  . . .     Clarity  .     b - +0 ring mail
rNeg   + + +     SustAb   .     (no shield)
rPois  ∞         Gourm    .     (no helmet)
rElec  .         Spirit   .     (no cloak)
rCorr  .         Warding  .     (no gloves)
rMut   .         Stasis   .     (no boots)
MR     .....                    (no amulet)
Stlth  ..........               l - ring of fire
                                k - ring of magical power

@: very slightly contaminated, not resistant to hostile enchantments, extremely
unstealthy
A: no food or potions, fire vulnerability, restore body, cold resistance 1,
negative energy resistance 3, poison resistance, torment resistance, unbreathing
a: no special abilities


You were on level 2 of the Dungeon.
You were not hungry.

You visited 1 branch of the dungeon, and saw 2 of its levels.

You collected 68 gold pieces.

Inventory:

Hand weapons
 a - a +2 hand crossbow
 e - a +1 short sword of venom
 f - a +0 vampiric hand axe (weapon)
Missiles
 d - 46 bolts
Armour
 b - a +0 ring mail (worn)
 m - a +0 plate armour
Jewellery
 k - a ring of magical power (left hand)
 l - a ring of fire (right hand)
Scrolls
 g - a scroll of enchant armour {unknown}
 h - a scroll of teleportation
 j - a scroll of remove curse
Books
 c - Lehudib's Reference Book on Conjuration and Feathers

   Spells                             Type                      Level
   a - Shock                          Conjuration/Air              1
   b - Static Discharge               Conjuration/Air              3


   Skills:
 + Level 2.4 Fighting
 * Level 0.1 Axes
 - Level 1.5 Crossbows
 - Level 1.0 Throwing
 + Level 2.0 Armour
 + Level 0.3 Spellcasting
 - Level 1.5 Air Magic
   Level 1.0 Earth Magic
   Level 1.0 Evocations


You had one spell level left.
You knew the following spells:

 Your Spells              Type           Power        Failure   Level  Hunger
a - Shock                 Conj/Air       #...         30%         1    N/A

Dungeon Overview and Level Annotations

Branches:
Dungeon (2/15)

Altars:

Annotations:
D:2 Sigmund


Innate Abilities, Weirdness & Mutations

You do not eat or drink.
Your flesh is vulnerable to fire.
Your flesh is cold resistant.
You are immune to negative energy.
Your system is resistant to poisons.
You are immune to unholy pain and torment.
You can survive without breathing.


Message History

Aim: Sigmund, wielding a scythe of venom and wearing a robe (unusually agile)
You miscast Shock.
Your skin glows momentarily.
Sigmund casts a spell at you. The puff of flame hits you!
Sigmund casts a spell.
Sigmund flickers and vanishes!
Deactivating autopickup; reactivate with Ctrl-A.
No target in view!
You miss something. Something hits you.
You miss something.
You hear some strange, mumbled words.
Something tries to affect you, but you resist.
You closely miss something. Something completely misses you.
You barely miss something. Something hits you!
You completely miss something. Something hits you but does no damage.
You completely miss something. You hit something. Something hits you!
* * * LOW HITPOINT WARNING * * *
Something hits you!
You die...

########
#......#####
#...........
#.......#
#..@....#
#....{..#
#.......#
#.......#
#.........
#..........
#####+####


There were no monsters in sight!

Vanquished Creatures
  A giant gecko (D:1)
  10 bats (D:1)
  A giant cockroach (D:1)
  5 goblins (D:1)
  4 kobolds (D:1)
  6 giant newts (D:1)
  2 rats (D:1)
29 creatures vanquished.

Notes
Turn   | Place    | Note
--------------------------------------------------------------
     0 | D:1      | Stone, the Mummy Wanderer, began the quest for the Orb.
     0 | D:1      | Stone set off with: a +2 hand crossbow, a +0 ring mail, Lehudib's Reference Book on Conjuration and Feathers, 27 bolts
     0 | D:1      | Reached XP level 1. HP: 16/16 MP: 1/1
   253 | D:1      | Reached XP level 2. HP: 22/22 MP: 2/2
   621 | D:1      | Identified Lehudib's Reference Book on Conjuration and Feathers
   623 | D:1      | Learned a level 1 spell: Shock
  1226 | D:1      | Reached XP level 3. HP: 28/28 MP: 3/3
  1291 | D:2      | Noticed Sigmund
  1302 | D:2      | HP: 1/28 [something (13)]
  1303 | D:2      | Slain by Sigmund

Action                   || total
-------------------------++-------
Melee: Short sword       ||     6
       Hand axe          ||    28
 Fire: Hand crossbow     ||    40
 Cast: Shock             ||    14
  Use: Scroll            ||     2
